 Dungeon Crawl Stone Soup version 0.28.0-45-g0d030f2227 (webtiles) character file.

Game seed: 14551171508474981245

2170 NinjaNoafa the Bolt Thrower (level 9, -3/69 HPs)
             Began as a Gnoll Wanderer on Apr 11, 2022.
             Was a Follower of Vehumet.
             Slain by a kobold brigand
             ... wielding a +0 dagger
              (6 damage)
             ... on level 7 of the Dungeon.
             The game lasted 00:22:03 (8339 turns).

NinjaNoafa the Bolt Thrower (Gnoll Wanderer)        Turns: 8339, Time: 00:22:03

Health: -3/69      AC:  6    Str: 13    XL:     9   Next: 32%
Magic:  13/15      EV: 15    Int:  7    God:    Vehumet [*.....]
Gold:   372        SH:  0    Dex: 23    Spells: 15/16 levels left

rFire   . . .      SeeInvis .   o - +5 mace
rCold   . . .      Faith    .   (no shield)
rNeg    . . .      Spirit   .   p - +0 robe
rPois   .          Reflect  .   D - +0 helmet
rElec   .          Harm     .   g - +1 cloak
rCorr   .          Rampage  .   E - +0 pair of gloves
Will    +....      Clarity  +   (no boots)
Stlth   +++.......              (no amulet)
HPRegen 0.21/turn               f - ring of willpower
MPRegen 0.14/turn               l - +6 ring of dexterity

@: no status effects
A: fangs 1, strong nose, distributed training, talons 1, clarity, dopey 1
a: Renounce Religion


You were on level 7 of the Dungeon.
You worshipped Vehumet.
Vehumet was aware of your devotion.
You visited 1 branch of the dungeon, and saw 7 of its levels.

You collected 372 gold pieces.

Inventory:

Hand Weapons
 a - a +2 dire flail of venom
 b - a +0 hand crossbow
 c - a +2 rapier of draining
 j - a +0 dagger of protection
 o - a +5 mace (weapon)
 q - a +2 quarterstaff
 x - a +0 hunting sling
 B - a +0 shortbow
Missiles
 h - 153 arrows
 i - 9 poisoned darts (quivered)
 k - 125 stones
 r - a throwing net
 w - 57 sling bullets
 y - 2 boomerangs
 H - 56 bolts
Armour
 g - a +1 cloak (worn)
 p - a +0 robe (worn)
 D - a +0 helmet (worn)
 E - a +0 pair of gloves (worn)
 F - a +0 plate armour
 I - a +0 ring mail of fire resistance
Jewellery
 f - a ring of willpower (left hand)
 l - a +6 ring of dexterity (right hand)
 m - a ring of see invisible
Wands
 e - a wand of polymorph (9)
 s - a wand of iceblast (2)
Scrolls
 d - 2 scrolls of vulnerability
 v - a scroll of amnesia
 C - 3 scrolls of identify
Potions
 G - 3 potions of brilliance


   Skills:
 + Level 6.2 Fighting
 + Level 4.1 Short Blades
 + Level 4.1 Long Blades
 + Level 4.1 Axes
 + Level 4.1 Maces & Flails
 + Level 4.1 Polearms
 + Level 6.2 Staves
 + Level 4.1 Slings
 + Level 4.1 Bows
 + Level 7.8 Crossbows
 + Level 4.9 Throwing
 + Level 4.1 Armour
 + Level 4.9 Dodging
 + Level 4.1 Stealth
 + Level 4.1 Shields
 + Level 4.1 Unarmed Combat
 + Level 4.1 Spellcasting
 + Level 3.4 Conjurations
 + Level 3.4 Hexes
 + Level 3.4 Summonings
 + Level 3.4 Necromancy
 + Level 3.4 Translocations
 + Level 3.4 Transmutations
 + Level 3.4 Fire Magic
 + Level 3.4 Ice Magic
 + Level 3.4 Air Magic
 + Level 3.4 Earth Magic
 + Level 3.4 Poison Magic
 + Level 5.3 Invocations
 + Level 4.1 Evocations


You had 15 spell levels left.
You knew the following spells:

 Your Spells              Type           Power      Damage    Failure   Level
a - Foxfire               Conj/Fire      24%        2x1d5     8%          1

Your spell library contained the following spells:

 Spells                   Type           Power      Damage    Failure   Level
 Blink                    Tloc           12%        N/A       12%         2
 Corpse Rot               Necr/Air       12%        N/A       12%         2
 Ensorcelled Hibernation  Hex/Ice        12%        N/A       12%         2
 Poisonous Vapours        Pois/Air       12%        N/A       12%         2
 Ignite Poison            Fire/Tmut/Pois 6%         N/A       22%         3
 Lesser Beckoning         Tloc           6%         N/A       22%         3
 Mephitic Cloud           Conj/Pois/Air  6%         N/A       22%         3
 Spider Form              Tmut/Pois      6%         N/A       22%         3
 Anguish                  Hex/Necr       3%         N/A       58%         4
 Freezing Cloud           Conj/Ice/Air   3%         6-21      91%         5
 Manifold Assault         Tloc           6%         N/A       91%         5


Dungeon Overview and Level Annotations

Branches:
Dungeon (7/15)             Temple (0/1) D:5

Altars:
Ashenzari
Fedhas
Hepliaklqana
Makhleb
Ru
Vehumet
Wu Jian

Shops:
D:2 [   D:3 :   D:4 :


Innate Abilities, Weirdness & Mutations

You have very sharp teeth.
Your uncanny sense of smell can sniff out nearby items.
Your experience applies equally to all skills.
You have sharp toenails.
You possess an exceptional clarity of mind.
You are dopey. (Int -2)


Message History

There is an open door here.
A wight and a gargoyle come into view.
You feel sick.
The centaur shouts!
The centaur wields a +0 shortbow.
The centaur shoots an arrow.
The arrow barely misses you.
The kobold brigand throws a poisoned dart.
The poisoned dart misses you.
As you read the scroll of fog, it crumbles to dust.
The scroll dissolves into smoke.
You feel sick.
You sock the kobold brigand!
The kobold brigand is heavily wounded.
You feel sick.
The centaur shoots an arrow.
The arrow hits you.
* * * LOW HITPOINT WARNING * * *
The kobold brigand misses you.
The centaur shoots an arrow.
The arrow hits you.
* * * LOW HITPOINT WARNING * * *
You hear an angry hiss.
Okay, then.
You barely miss the kobold brigand. Your kick misses the kobold brigand.
Your bite misses the kobold brigand.
The kobold brigand is heavily wounded.
You feel sick.
The kobold brigand hits you with a +0 dagger.
* * * LOW HITPOINT WARNING * * *
The gargoyle hits you with a +0 morningstar.
* * * LOW HITPOINT WARNING * * *
You feel sick.
The kobold brigand throws a poisoned dart.
The poisoned dart barely misses you.
The gargoyle hurls a stone arrow at you.
The stone arrow misses you.
Casting: Foxfire (safe; 8% risk of failure)
Confirm with . or Enter, or press ? or * to list all spells.
You conjure some foxfire!
The wyvern hisses angrily.
You feel sick.
You are no longer poisoned.
The foxfire hits the gargoyle but does no damage.
The kobold brigand hits you with a +0 dagger.
You die...

#.#########.....$.# #.#
##....##..$...#+#
#.###......##...###.###
#.##........#'###...cZ##
#..'........#)#.........
#..'.[......#.#....$..z.
####.)......'Z#§.l$.$...
##.....[##.#§§§§.$...
##....###h#@9z§$....
###### #.#Kv§§.....
####'#h#§§...##
#....Z§###.### #..$...#
# #....$.# #.$....# ∆ ∆
#y..$..# ∆ #l.....+ ∆ ∆


You could see a black bear, a wyvern, a gargoyle, a kobold brigand (ally target)
and a wight.

Vanquished Creatures
  Sigmund (D:5)
  Edmund (D:5)
  Duvessa (D:4)
  A necrophage (D:4)
  The ghost of SBUDELSKY the Slasher, an amateur DsGl of Yredelemnul (D:4)
  4 centaurs
  A phantom (D:5)
  Blork the orc (D:4)
  A water moccasin zombie (D:5)
  5 scorpions
  Dowan (D:4)
  A wight (D:7)
  3 centaur zombies
  2 jellies (D:5)
  3 quasits (D:4)
  A hound (D:6)
  An orc priest (D:5)
  A gnoll shaman (D:7)
  4 iguanas
  Ijyb (D:4)
  An orc wizard (D:6)
  A hound skeleton (D:5)
  2 howler monkey zombies
  3 gnolls (D:6)
  9 adders
  A worm (D:4)
  2 dart slugs
  10 orcs
  4 endoplasms
  5 giant cockroaches
  9 goblins
  7 hobgoblins
  12 jackals
  6 quokkas
  9 ball pythons
  6 bats
  4 frilled lizards
  9 kobolds
  A spectral hobgoblin (D:3)
  A bush (D:5)
137 creatures vanquished.

Vanquished Creatures (others)
  11 foxfires (D:7)
  13 fungi
  4 plants
28 creatures vanquished.

Grand Total: 165 creatures vanquished

Notes
Turn   | Place    | Note
-------+----------+-------------------------------------------
     0 | D:1      | NinjaNoafa the Gnoll Wanderer began the quest for the Orb.
     0 | D:1      | NinjaNoafa set off with the following items: a +2
                  | quarterstaff, a +0 hand crossbow, 18 bolts, a +0 cloak, a
                  | +0 leather armour
     0 | D:1      | Reached XP level 1. HP: 20/20 MP: 2/2
   186 | D:1      | Reached XP level 2. HP: 21/26 MP: 3/3
   994 | D:1      | Reached XP level 3. HP: 30/31 MP: 4/4
  1107 | D:2      | Reached skill level 1 in Short Blades
  1107 | D:2      | Reached skill level 1 in Long Blades
  1107 | D:2      | Reached skill level 1 in Axes
  1107 | D:2      | Reached skill level 1 in Maces & Flails
  1107 | D:2      | Reached skill level 1 in Polearms
  1107 | D:2      | Reached skill level 1 in Slings
  1107 | D:2      | Reached skill level 1 in Bows
  1107 | D:2      | Reached skill level 1 in Armour
  1107 | D:2      | Reached skill level 1 in Stealth
  1107 | D:2      | Reached skill level 1 in Shields
  1107 | D:2      | Reached skill level 1 in Unarmed Combat
  1107 | D:2      | Reached skill level 1 in Spellcasting
  1107 | D:2      | Reached skill level 1 in Evocations
  1225 | D:2      | Reached XP level 4. HP: 38/38 MP: 6/6
  1247 | D:2      | Found Zairghinu's Armour Boutique.
  1483 | D:2      | Found a radiant altar of Vehumet.
  1492 | D:2      | Became a worshipper of Vehumet
  1638 | D:3      | Found a broken altar of Ashenzari.
  1735 | D:3      | Reached skill level 1 in Conjurations
  1735 | D:3      | Reached skill level 1 in Hexes
  1735 | D:3      | Reached skill level 1 in Summonings
  1735 | D:3      | Reached skill level 1 in Necromancy
  1735 | D:3      | Reached skill level 1 in Translocations
  1735 | D:3      | Reached skill level 1 in Transmutations
  1735 | D:3      | Reached skill level 1 in Fire Magic
  1735 | D:3      | Reached skill level 1 in Ice Magic
  1735 | D:3      | Reached skill level 1 in Air Magic
  1735 | D:3      | Reached skill level 1 in Earth Magic
  1735 | D:3      | Reached skill level 1 in Poison Magic
  1830 | D:3      | Found a faded altar of an unknown god.
  1859 | D:3      | Found a sacrificial altar of Ru.
  2065 | D:3      | Found Lil Sapn's Book Boutique.
  2490 | D:3      | Found a hazy altar of Hepliaklqana.
  2729 | D:4      | Reached XP level 5. HP: 43/43 MP: 7/7
  3169 | D:4      | Noticed Blork the orc
  3170 | D:4      | Noticed Ijyb
  3176 | D:4      | Killed Blork the orc
  3177 | D:4      | Reached XP level 6. HP: 50/50 MP: 8/8
  3203 | D:4      | Gained mutation: You possess an exceptional clarity of
                  | mind. [potion of mutation]
  3203 | D:4      | Gained mutation: You are dopey. (Int -2) [potion of
                  | mutation]
  3203 | D:4      | Gained mutation: You have sharp toenails. [potion of
                  | mutation]
  3207 | D:4      | Killed Ijyb
  3208 | D:4      | Reached skill level 5 in Fighting
  3208 | D:4      | Reached skill level 5 in Staves
  3415 | D:4      | Noticed Duvessa
  3415 | D:4      | Noticed Dowan
  3739 | D:4      | Found a blossoming altar of Fedhas.
  3835 | D:4      | Found Usyf's Book Boutique.
  3837 | D:4      | Noticed a necrophage
  3842 | D:4      | Killed a necrophage
  3917 | D:4      | Killed Duvessa
  3918 | D:4      | Reached skill level 7 in Crossbows
  3918 | D:4      | Reached XP level 7. HP: 43/55 MP: 10/10
  3937 | D:4      | Killed Dowan
  4332 | D:4      | Found a transporter.
  4397 | D:4      | Found a transporter.
  4404 | D:4      | Noticed SBUDELSKY's ghost (amateur DsGl)
  4421 | D:4      | Killed SBUDELSKY's ghost
  4915 | D:5      | Entered Level 5 of the Dungeon
  5001 | D:5      | Reached XP level 8. HP: 63/63 MP: 12/12
  5060 | D:5      | Reached * piety under Vehumet
  5060 | D:5      | Offered knowledge of Foxfire by Vehumet.
  5247 | D:5      | Found a staircase to the Ecumenical Temple.
  5959 | D:5      | Noticed Edmund
  5967 | D:5      | Killed Edmund
  6240 | D:5      | Noticed Sigmund
  6245 | D:5      | Killed Sigmund
  7052 | D:6      | Reached XP level 9. HP: 30/69 MP: 14/14
  7226 | D:6      | Reached skill level 5 in Invocations
  7922 | D:6      | Found a burning altar of Makhleb.
  7995 | D:6      | Learned a level 1 spell: Foxfire
  8024 | D:7      | Found an ornate altar of the Wu Jian Council.
  8334 | D:7      | Noticed a gargoyle
  8339 | D:7      | HP: 3/69 [poisoned by a kobold brigand]
  8339 | D:7      | Slain by a kobold brigand

Illustrated notes

Levels and vault maps discovered:
D:1:      saegor_arrival_simple_a, layout_loops_ring,
          chequers_serial_rivers_micro_c, roderic_serpentine_path,
          serial_bayou_pond_e, grunt_decor_clamped, fountainhead,
          minmay_shallow_snake_nest
D:2:      layout_basic, serial_shops, nicolae_shop_statue_plus, basic_altar,
          minmay_misc_feat_iff
D:3:      layout_loops_ring, ashenzari_conservatory_becter,
          mainiacjoe_overflow_six_doors_small,
          nicolae_hepliaklqana_monster_ancestors, serial_shops,
          nicolae_shop_statue_plus, dreamdust_ecumenical_altar_grove,
          minivault_5
D:4:      layout_basic, fedhas_altar_3, gammafunk_ghost_stat_death,
          serial_shops, nicolae_shop_temple_entry_statues_fountains, uniq_ijyb,
          uniq_blork_the_orc, uniq_duvessa
D:5:      layout_basic, temple_doors_cd, kb_lookout_dungeons_type,
          dk_vineyard_1, moated_statue, sigmund_edmund_badplayer
D:6:      layout_cave_pools, lightli_temple_of_fire
D:7:      minmay_polygon_palace, layout_basic, lemuel_crystal_altar,
          led_sif_book, enter_bailey_8

Skill      XL: |  1  2  3  4  5  6  7  8  9 |
---------------+----------------------------+-----
Short Blades   | 1 2 3 4 |  4.1
Long Blades    | 1 2 3 4 |  4.1
Axes           | 1 2 3 4 |  4.1
Maces & Flails | 1 2 3 4 |  4.1
Polearms       | 1 2 3 4 |  4.1
Slings         | 1 2 3 4 |  4.1
Bows           | 1 2 3 4 |  4.1
Armour         | 1 2 3 4 |  4.1
Stealth        | 1 2 3 4 |  4.1
Shields        | 1 2 3 4 |  4.1
Unarmed Combat | 1 2 3 4 |  4.1
Spellcasting   | 1 2 3 4 |  4.1
Evocations     | 1 2 3 4 |  4.1
Conjurations   | 1 2 3 |  3.4
Hexes          | 1 2 3 |  3.4
Summonings     | 1 2 3 |  3.4
Necromancy     | 1 2 3 |  3.4
Translocations | 1 2 3 |  3.4
Transmutations | 1 2 3 |  3.4
Fire Magic     | 1 2 3 |  3.4
Ice Magic      | 1 2 3 |  3.4
Air Magic      | 1 2 3 |  3.4
Earth Magic    | 1 2 3 |  3.4
Poison Magic   | 1 2 3 |  3.4
Invocations    | 3 4 5 |  5.3
Throwing       | 3 4 |  4.9
Dodging        | 3 4 |  4.9
Fighting       | 5 6 |  6.2
Staves         | 5 6 |  6.2
Crossbows      | 7 |  7.8

Action                   |  1- 3 |  4- 6 |  7- 9 || total
-------------------------+-------+-------+-------++-------
Melee: Quarterstaff      |    26 |    31 |     5 ||    62
       Bite              |     2 |     4 |    15 ||    21
       Kick              |       |     5 |    53 ||    58
       War axe           |       |     5 |       ||     5
       Dagger            |       |     1 |       ||     1
       Rapier            |       |       |    86 ||    86
       Punch             |       |       |     1 ||     1
       Dire flail        |       |       |    57 ||    57
       Mace              |       |       |     3 ||     3
 Fire: Hand crossbow     |    44 |   112 |    30 ||   186
Throw: Dart              |       |     2 |       ||     2
 Cast: Foxfire           |       |       |     7 ||     7
Evoke: Wand              |       |     1 |       ||     1
  Use: Potion            |       |     4 |     4 ||     8
       Scroll            |       |     2 |    10 ||    12
 Stab: Sleeping          |       |       |     4 ||     4
       Distracted        |       |       |     1 ||     1
Armor: Leather armour    |    20 |     7 |       ||    27
       Chain mail        |       |     6 |    68 ||    74
       Robe              |       |       |    36 ||    36
       Plate armour      |       |       |     5 ||     5
       Ring mail         |       |       |     4 ||     4
Dodge: Dodged            |    49 |    31 |   164 ||   244
